 Dungeon Crawl Stone Soup version 0.21.1-1-g345015f (webtiles) character file.

378 letownia2 the Poker (level 6, 0/44 HPs)
             Began as a Merfolk Skald on Mar 12, 2018.
             Slain by an orc wizard
             ... wielding a +0 dagger
              (4 damage)
             ... on level 4 of the Dungeon.
             The game lasted 00:06:17 (1168 turns).

letownia2 the Poker (Merfolk Skald)                 Turns: 1168, Time: 00:06:18

Health: 0/44       AC:  4    Str: 12    XL:     6   Next: 74%
Magic:  3/9        EV: 13    Int: 14    God:
Gold:   80         SH:  0    Dex: 16    Spells: 0/9 levels left

rFire    . . .     SeeInvis .   a - +6 scythe (slice)
rCold    . . .     Gourm    .   (shield currently unavailable)
rNeg     . . .     Faith    .   f - +1 leather armour
rPois    .         Spirit   .   (no helmet)
rElec    .         Reflect  .   (no cloak)
rCorr    .         Harm     .   (no gloves)
MR       .....                  (no boots)
Stlth    ++........             (no amulet)
HPRegen  0.14/turn              h - +3 ring of dexterity
MPRegen  0.11/turn              p - ring of stealth

@: no status effects
A: change form in water, swift swim, stealthy swim
a: no special abilities


You were on level 4 of the Dungeon.
You were hungry.

You visited 1 branch of the dungeon, and saw 5 of its levels.

You collected 80 gold pieces.

Inventory:

Hand Weapons
 a - a +6 scythe of slicing (weapon)
 b - a +1 dagger of venom
 l - a +0 spear
 o - a +0 trident
Armour
 f - a +1 leather armour (worn)
Jewellery
 h - a +3 ring of dexterity (left hand)
 p - a ring of stealth (right hand)
Scrolls
 g - 3 scrolls of enchant weapon
 m - a scroll of remove curse
 n - a scroll of magic mapping {unknown}
Potions
 e - a potion of ambrosia {unknown}
 i - a potion of might {unknown}
 j - 2 potions of haste {unknown}
 k - 2 potions of curing {unknown}
Books
 c - a book of Battle

   Spells                             Type                      Level
   a - Infusion                       Charms                       1
   b - Shroud of Golubria             Charms/Translocation         2
   c - Song of Slaying                Charms                       2
   d - Spectral Weapon                Hexes/Charms                 3
   e - Regeneration                   Charms/Necromancy            3
Comestibles
 d - 6 rations


   Skills:
 - Level 2.1 Fighting
 + Level 6.1 Polearms
 - Level 0.6 Armour
 - Level 2.6 Dodging
 - Level 2.0 Spellcasting
 - Level 3.0 Hexes
 - Level 5.4 Charms
 - Level 1.2 Translocations


You couldn't memorise any spells.
You knew the following spells:

 Your Spells              Type           Power        Failure   Level  Hunger
a - Infusion              Chrm           ###.         3%          1    ##.....
g - Regeneration          Chrm/Necr      #.........   30%         3    ####...
t - Shroud of Golubria    Chrm/Tloc      ##........   12%         2    ###....
x - Spectral Weapon       Hex/Chrm       ##......     16%         3    ####...


Dungeon Overview and Level Annotations

Branches:
Dungeon (5/15)
 Temple: D:4-7

Altars:
Uskayaw


Message History

The orc wizard gestures at you while chanting.
The magic dart hits you!
* * * LOW HITPOINT WARNING * * *
Unknown command.
Attack whom?
Press: ? - help, Dir - move target cursor, f/p - orc wizard
Aim: an orc wizard, wielding a dagger and wearing a robe (lightly wounded)
You reach to attack!
You hit the orc wizard.
The orc wizard is moderately wounded.
Your spectral weapon barely misses the orc wizard.
Unknown command.
Attack whom?
Press: ? - help, Dir - move target cursor, f/p - orc wizard
Aim: an orc wizard, wielding a dagger and wearing a robe (moderately wounded)
You hit the orc wizard.
The orc wizard is severely wounded.
Your shroud begins to fray at the edges.
Your spectral weapon closely misses the orc wizard.
The orc wizard hits you with a dagger.
You die...

#.# #.# .# #.# .#
##+# #.# ##.#
#...# #.# ...#
.....# ####.#
....# ......#
##.##.# .##.#
.......####...#.##
....+
......)((@o......#
.##.#
.......####...#..#
.# # ......#
##.###.# .# #
.....# ### #.#
.##.# #...# #[#
....# ##+# ##.#
.#### #.# #..# .##
#.# #### ###.##
..#######.## #..
..#.#


You could see an orc wizard and a friendly spectral scythe of slicing.

Vanquished Creatures
  Sigmund (D:2)
  An ogre (D:4)
  A bullfrog zombie (D:4)
  An orc wizard (D:4)
  An adder (D:2)
  An ooze (D:3)
  2 worms
  2 dart slugs (D:1)
  2 leopard geckos
  7 orcs
  2 giant cockroaches (D:2)
  3 hobgoblins
  2 ball pythons
  5 bats
  2 frilled lizards
  7 goblins
  3 kobolds (D:1)
  4 rats
47 creatures vanquished.

Notes
Turn   | Place    | Note
-------+----------+-------------------------------------------
     0 | D:1      | letownia2 the Merfolk Skald began the quest for the Orb.
     0 | D:1      | Reached XP level 1. HP: 16/16 MP: 3/3
   192 | D:2      | Found a hide-covered altar of Uskayaw.
   201 | D:2      | Reached XP level 2. HP: 22/22 MP: 5/5
   215 | D:2      | Learned a level 2 spell: Shroud of Golubria
   361 | D:2      | Reached skill level 1 in Translocations
   372 | D:2      | Reached XP level 3. HP: 26/27 MP: 4/6
   438 | D:2      | Learned a level 3 spell: Spectral Weapon
   799 | D:2      | Noticed Sigmund
   810 | D:2      | Killed Sigmund
   810 | D:2      | Reached skill level 5 in Charms
   810 | D:2      | Reached XP level 4. HP: 22/33 MP: 5/7
   810 | D:2      | Reached XP level 5. HP: 26/38 MP: 5/8
   866 | D:4      | Noticed an ogre
   872 | D:4      | Killed an ogre
   872 | D:4      | Reached skill level 5 in Polearms
   872 | D:4      | Reached XP level 6. HP: 27/44 MP: 7/9
   881 | D:4      | Learned a level 3 spell: Regeneration
   944 | D:5      | Entered Level 5 of the Dungeon
  1157 | D:4      | Reached skill level 6 in Polearms
  1168 | D:4      | Slain by an orc wizard

Skill      XL: |  1  2  3  4  5  6 |
---------------+-------------------+-----
Charms         | 4 5 |  5.4
Translocations | 1 |  1.2
Hexes          | 3 |  3.0
Polearms       | 5 6 |  6.1
Fighting       | |  2.1
Armour         | |  0.6
Dodging        | |  2.6
Spellcasting   | |  2.0

Action                   |  1- 3 |  4- 6 || total
-------------------------+-------+-------++-------
Melee: Dagger            |    92 |       ||    92
       Spear             |     4 |       ||     4
       Scythe            |       |    57 ||    57
 Cast: Infusion          |     1 |       ||     1
       Shroud of Golubri |     5 |     4 ||     9
       Spectral Weapon   |       |     1 ||     1
  Use: Scroll            |     4 |     3 ||     7
 Stab: Sleeping          |       |     1 ||     1
  Eat: Chunk             |       |     1 ||     1
Armor: Leather armour    |    31 |    17 ||    48
Dodge: Dodged            |    62 |    25 ||    87
